 Dungeon Crawl Stone Soup version 0.24-a0-462-ge24419a6ad (console) character file.

Game seed: 5884756651371808080

27 Lexodia the Vexing (level 2, -1/19 HPs)
             Began as a Demonspawn Enchanter on July 2, 2019.
             Slain by a goblin
             ... wielding a +0 dagger
              (3 damage)
             ... on level 2 of the Dungeon.
             The game lasted 00:01:15 (1056 turns).

Lexodia the Vexing (Demonspawn Enchanter)           Turns: 1056, Time: 00:01:16

Health: -1/19      AC:  2    Str:  8    XL:     2   Next: 93%
Magic:  3/5        EV: 12    Int: 16    God:
Gold:   62         SH:  0    Dex: 13    Spells: 4/5 levels left

rFire    . . .     SeeInvis .   a - +1 dagger
rCold    . . .     Gourm    .   (no shield)
rNeg     . . .     Faith    .   b - +0 robe
rPois    .         Spirit   .   (no helmet)
rElec    .         Reflect  .   (no cloak)
rCorr    .         Harm     .   (no gloves)
MR       .....                  (no boots)
Stlth    ++........             (no amulet)
HPRegen  0.06/turn              (no ring)
MPRegen  0.09/turn              (no ring)

@: very slightly contaminated
A: rot immunity
a: no special abilities


You were on level 2 of the Dungeon.
You were hungry.

You visited 1 branch of the dungeon, and saw 2 of its levels.

You collected 62 gold pieces.

Inventory:

Hand Weapons
 a - a +1 dagger (weapon)
Armour
 b - a +0 robe (worn)
Scrolls
 e - a scroll of teleportation {unknown}
 i - 2 scrolls of identify {unknown}
Potions
 f - 2 potions of ambrosia {unknown}
 g - a potion of brilliance {unknown}
 h - a potion of degeneration {unknown}
 j - 2 potions of curing {unknown}
Comestibles
 c - 8 chunks of flesh
 d - 9 rations


   Skills:
 + Level 2.6 Short Blades
 - Level 1.7 Dodging
 - Level 2.6 Stealth
 - Level 2.0 Spellcasting
 - Level 3.0 Hexes


You had 4 spell levels left.
You knew the following spells:

 Your Spells              Type           Power        Failure   Level  Hunger
a - Corona                Hex            ##.....      6%          1    #......

Your spell library contained the following spells:

 Spells                   Type           Power        Failure   Level  Hunger
 Ensorcelled Hibernation  Hex/Ice        #.....       17%         2    ###....
 Confuse                  Hex            ##......     19%         3    ###....
 Tukima's Dance           Hex            ##......     19%         3    ###....
 Dazzling Spray           Conj/Hex       #.....       32%         3    ###....


Dungeon Overview and Level Annotations

Branches:
Dungeon (2/15)

Altars:


Innate Abilities, Weirdness & Mutations

You are immune to rotting.


Message History

You kill the kobold!
Casting: Corona (safe; 6% risk of failure)
Confirm with . or Enter, or press ? or * to list all spells.
You don't know that spell.
Casting: Corona (safe; 6% risk of failure)
Confirm with . or Enter, or press ? or * to list all spells.
Aiming: Corona (safe; 6% risk of failure)
Press: ? - help, Shift-Dir - straight line, f - goblin
Aim: a goblin, wielding a +0 dagger (chance to defeat MR: 64%)
You miscast Corona.
You are very lightly contaminated with residual magic.
The light around you dims momentarily.
Casting: Corona (safe; 6% risk of failure)
Confirm with . or Enter, or press ? or * to list all spells.
Aiming: Corona (safe; 6% risk of failure)
Press: ? - help, Shift-Dir - straight line, f/p - goblin
Aim: a goblin, wielding a +0 dagger (chance to defeat MR: 64%)
The goblin is outlined in light.
The goblin closely misses you.
You barely miss the goblin. The goblin hits you with a +0 dagger.
You die...

### ### #.. #.. ## #.# #.#
... ######<# #.###..##
#...##.# #####........
#......# #...........#
#...#..#####.###.#......
####.##.......!.@g........
...........###.###.#.....#
####.##)รท#.# #.# #.#
....# #..(..#.# #.# #.#
...# #.##..#.###.# #.# #.#
.###.##........# #.# #
.........#.###.# #..
.###...(.#.# #.. ...
.....#..)#.#


You could see a goblin.

Vanquished Creatures
  An ooze (D:1)
  A leopard gecko (D:2)
  5 giant cockroaches
  4 goblins
  A hobgoblin (D:1)
  3 kobolds
  A quokka (D:2)
  A ball python (D:2)
17 creatures vanquished.

Notes
Turn   | Place    | Note
-------+----------+-------------------------------------------
     0 | D:1      | Lexodia the Demonspawn Enchanter began the quest for the
                  | Orb.
     0 | D:1      | Reached XP level 1. HP: 13/13 MP: 3/3
    58 | D:1      | Huge Dmg: 2 dmg
    59 | D:1      | Reached skill level 1 in Short Blades
   304 | D:1      | Huge Dmg: 4 dmg
   618 | D:1      | Gained mutation: You are immune to rotting. [demonic
                  | ancestry]
   618 | D:1      | Reached XP level 2. HP: 19/19 MP: 5/5
   684 | D:1      | Huge Dmg: 5 dmg
   952 | D:2      | Huge Dmg: 4 dmg
  1042 | D:2      | Huge Dmg: 3 dmg
  1043 | D:2      | Huge Dmg: 3 dmg
  1044 | D:2      | Huge Dmg: 3 dmg
  1053 | D:2      | Huge Dmg: 2 dmg
  1056 | D:2      | Slain by a goblin

Levels and vault maps discovered:
D:1:      mrwooster_arrival_arrow, layout_basic, amethyst_killhole
D:2:      layout_loops_ring

Skill      XL: |  1  2 |
---------------+-------+-----
Short Blades   | 1 2 |  2.6
Dodging        | |  1.7
Stealth        | |  2.6
Spellcasting   | |  2.0
Hexes          | |  3.0

Action                   || total
-------------------------++-------
Melee: Dagger            ||    85
 Cast: Corona            ||    10
 Stab: Sleeping          ||     3
Armor: Robe              ||     8
Dodge: Dodged            ||    45

Table legend:
 A = Non-vault XP
 B = Vault XP
 C = Vault XP percentage of total XP
 D = Non-vault monster count
 E = Vault monster count
 F = Vault count percentage of total count
                 A         B        C        D         E       F
            +---------+---------+-------+---------+---------+-------
      Total |      39 |       0 |   0.0 |      17 |       0 |   0.0
            +---------+---------+-------+---------+---------+-------
        D:1 |      23 |       0 |   0.0 |       9 |       0 |   0.0
        D:2 |      16 |       0 |   0.0 |       8 |       0 |   0.0
            +---------+---------+-------+---------+---------+-------
